[Event "*** Qualifier 2: Titled Tuesday 3|2 Blitz"]
[Site "Chess.com"]
[Date "2017.04.11"]
[Round "9"]
[White "Feegus"]
[Black "Blitzstream"]
[Result "0-1"]
[WhiteElo "2368"]
[BlackElo "2480"]
[TimeControl "180+2"]
[EndTime "15:09:48 PDT"]
[Termination "Blitzstream won by resignation"]

1. d4 Nf6 2. Bf4 g6 3. e3 Bg7 4. Nf3 O-O 5. Be2 d6 6. O-O c5 7. c3 Nc6 8. h3 Qb6 9. Qb3 Be6 10. Qxb6 axb6 11. a3 Na5 12. Nbd2 Nb3 13. Nxb3 Bxb3 14. Rac1 Ne4 15. Bd3 f5 16. Bxe4 fxe4 17. Nd2 Bd5 18. c4 Bc6 19. d5 Bd7 20. Rb1 b5 21. Rfc1 bxc4 22. Nxc4 Ra6 23. Bg5 Kf7 24. Bf4 b5 25. Nd2 Ra4 26. Kf1 b4 27. axb4 Rxb4 28. b3 Bb5+ 29.
Ke1 Bd3 30. Ra1 Bxa1 31. Rxa1 Rfb8 32. Ra7 R4b7 33. Ra5 Bc2 34. g4 Bxb3 35. Nxe4 Bxd5 36. Ng5+ Kg7 37. e4 Rb1+ 38. Kd2 R8b2+ 39. Kc3 Rb3+ 40. Kc2 R1b2+ 41. Kc1 Bc4 42. Ra7 Rb7 43. Ra8 Rxf2 44. Bd2 h6 45. Bc3+ e5 46. Ra4 Bb3 47. Ra6 hxg5 48.
Rxd6 Rc2+ 0-1

[Event "*** Qualifier 2: Titled Tuesday 3|2 Blitz"]
[Site "Chess.com"]
[Date "2017.04.11"]
[Round "9"]
[White "Noukii"]
[Black "Gabix_94"]
[Result "1-0"]
[WhiteElo "2631"]
[BlackElo "2523"]
[TimeControl "180+2"]
[EndTime "15:09:53 PDT"]
[Termination "Noukii won on time"]

1. d4 Nf6 2. c4 c5 3. d5 e6 4. Nc3 exd5 5. cxd5 d6 6. e4 g6 7. Nf3 Bg7 8. Bg5 O-O 9. Nd2 h6 10. Bh4 Re8 11. Be2 a6 12. a4 Nbd7 13. O-O g5 14. Bg3 Ne5 15. f4 gxf4 16. Bxf4 Ng6 17. Bg3 Nd7 18. Nc4 Nde5 19. Ne3 Qg5 20. Nf5 Bxf5 21. Rxf5 Qd8 22. Qf1 Qb6 23. Rb1 Qb4 24.
Kh1 Re7 25. h4 Rae8 26. h5 Nf8 27. Bh4 Rd7 28. Qf4 Nh7 29. Rxe5 Rxe5 30. Bg4 Rde7 31.
Bxe7 Rxe7 32. Qxd6 Re5 33. Bf5 Rxf5 34. exf5 Bxc3 35.
Qg3+ Bg7 36. Re1 Nf6 37. Rd1 Ne4 38. Qf4 Qb3 39. Re1 Ng3+ 40. Kh2 Nxh5 41. Qf3 Qxf3 42. gxf3 Bf8 43. Re8 Nf6 44. Rd8 Kg7 45. d6 b5 46.
axb5 axb5 47. d7 Bd6+ 48. Kg2 Bc7 49. Rc8 Ba5 50. d8=Q Bxd8 51. Rxd8 Nd5 52. Rxd5 1-0

[Event "*** Qualifier 2: Titled Tuesday 3|2 Blitz"]
[Site "Chess.com"]
[Date "2017.04.11"]
[Round "9"]
[White "Ilja_Semjonovs"]
[Black "1e41-0"]
[Result "1-0"]
[WhiteElo "2185"]
[BlackElo "2319"]
[TimeControl "180+2"]
[EndTime "15:09:53 PDT"]
[Termination "Ilja_Semjonovs won by checkmate"]

1. d4 d5 2. Nf3 Nf6 3. Bg5 c6 4.
Bxf6 exf6 5. c3 Bd6 6. e3 Bf5 7. Bd3 Bg6 8. O-O O-O 9. Bxg6 fxg6 10. Nbd2 Nd7 11. e4 Qc7 12. exd5 cxd5 13. Qb3 Nb6 14. Rfe1 Rae8 15. h3 Kh8 16. a4 Nc4 17. Nxc4 dxc4 18. Qc2 Qc6 19. Rxe8 Rxe8 20. Re1 Rxe1+ 21. Nxe1 Qe8 22.
Nf3 Kg8 23. g3 Qc6 24. Nd2 f5 25. Qd1 Kf7 26. Qe2 Qxa4 27. Nxc4 Qc6 28. b3 Bc7 29. Qd3 b5 30. Ne3 a6 31. c4 Qd7 32. c5 f4 33.
gxf4 Bxf4 34. d5 Bxe3 35. fxe3 Qxh3 36. Qe4 Qg3+ 37. Kf1 Qh3+ 38. Ke2 Qh2+ 39. Kd3 Qb2 40. Qe6+ Kf8 41. Qd6+ Kf7 42. Qe6+ Kf8 43. Qc8+ Kf7 44.
Qb7+ Kf8 45. Qc8+ Kf7 46. Qe6+ Kf8 47. c6 Qxb3+ 48. Kd4 Qb4+ 49. Ke5 Qh4 50. Kd6 Qd8+ 51. Kc5 b4 52. Qd6+ Ke8 53. c7 Qc8 54. Qe6+ Qxe6 55. dxe6 b3 56. c8=Q+ Ke7 57. Qd7+ Kf6 58. e7 Kg5 59. e8=Q Kh6 60. Qh3+ Kg5 61. Qe5# 1-0

[Event "*** Qualifier 2: Titled Tuesday 3|2 Blitz"]
[Site "Chess.com"]
[Date "2017.04.11"]
[Round "9"]
[White "Kacparov"]
[Black "FairChess_on_YouTube"]
[Result "0-1"]
[WhiteElo "2611"]
[BlackElo "2713"]
[TimeControl "180+2"]
[EndTime "15:10:04 PDT"]
[Termination "FairChess_on_YouTube won by resignation"]

1. e4 c6 2. d4 d5 3. Nc3 a6 4. Nf3 Bg4 5. e5 e6 6. h3 Bxf3 7. Qxf3 c5 8. dxc5 Bxc5 9. Qg3 g6 10. Bd3 Nc6 11. a3 Qc7 12. Bf4 Bd4 13. O-O Bxe5 14.
Bxe5 Qxe5 15. Qf3 Nd4 16. Qd1 Nf6 17. Re1 Qf4 18. g3 Qh6 19. Be4 Nxe4 20. Qxd4 O-O 21. Nxe4 dxe4 22. Qxe4 Qxh3 23. Qxb7 Rab8 24. Qxa6 Rxb2 25.
Qd3 Rc8 26. Re2 Qf5 27. Qxf5 gxf5 28. a4 Rc5 29. Re3 Rbxc2 30. Rea3 Ra5 31. Kg2 Rc4 32. f4 Kg7 33. Kh3 Kg6 34. Kh4 e5 35. Rb1 exf4 36.
Rb6+ f6 37. Rd3 fxg3+ 38. Kxg3 Raxa4 39. Rb8 Rg4+ 40. Kh3 Rh4+ 41. Kg3 Rag4+ 42. Kf2 Rh2+ 43. Kf1 Kg5 44. Rg8+ Kh4 45. Rf8 Ra4 46. Kg1 Rc2 47.
Rd1 Kg3 48. Rd3+ Kh4 49. Rd1 Rg4+ 50. Kh1 Rc3 51. Rd2 Rh3+ 52. Rh2 Rxh2+ 53. Kxh2 Rg6 54.
Ra8 f4 55. Ra3 h5 56. Rf3 Kg4 57. Kg2 Rg5 58. Ra3 Rb5 59. Ra2 Rb3 60. Rc2 h4 61. Kh2 h3 62. Rf2 Rg3 63. Ra2 Rg2+ 64. Rxg2+ hxg2 65. Kxg2 f3+ 66. Kf2 Kf4 67. Kf1 Ke3 68.
Ke1 f2+ 69. Kf1 f5 0-1

[Event "*** Qualifier 2: Titled Tuesday 3|2 Blitz"]
[Site "Chess.com"]
[Date "2017.04.11"]
[Round "9"]
[White "Spartakus1975"]
[Black "GMHess"]
[Result "1-0"]
[WhiteElo "2552"]
[BlackElo "2604"]
[TimeControl "180+2"]
[EndTime "15:10:23 PDT"]
[Termination "Spartakus1975 won by resignation"]

1. e4 e5 2. Nf3 Nc6 3. Bb5 a6 4. Bxc6 dxc6 5. O-O Qd6 6. Na3 f6 7. Qe2 Bg4 8. Rd1 c5 9. c3 O-O-O 10. d4 cxd4 11.
cxd4 exd4 12. Nc4 Qe6 13. Bf4 Ne7 14. Rac1 Nc6 15. Na5 Bd6 16. Rxc6 Bxf3 17. gxf3 bxc6 18. Qxa6+ Kd7 19. Rxd4 Ke8 20. Nxc6 Be7 21. Qb5 Rxd4 22. Nxd4+ Qd7 23. Qc4 Bd6 24. Bxd6 Qxd6 25. Nf5 Qd7 26. Kg2 g6 27. Ne3 Rf8 28. b4 f5 29.
b5 fxe4 30. Qxe4+ Kf7 31. a4 Re8 32. Qc4+ Kg7 33. a5 Re6 34. a6 c6 35. b6 Re5 36.
b7 Rg5+ 37. Kf1 Qc7 38. Qc3+ Kh6 39. Ng4+ Kh5 40. Nf6+ Kh4 41. Qd4+ Kh3 42. Ne4 Rd5 43. Qf6 Qa5 44. Qe6+ Kxh2 45. Qxd5 Qa1+ 46. Ke2 Qxa6+ 47. Qd3 Qxb7 48. Nd2 Qe7+ 49. Qe4 Qd7 50. Nf1+ Kh3 51. Ne3 g5 52. Qe5 Kh4 53. Qh2+ Qh3 54. Nf5+ Kh5 55.
Qxh3+ 1-0

[Event "*** Qualifier 2: Titled Tuesday 3|2 Blitz"]
[Site "Chess.com"]
[Date "2017.04.11"]
[Round "9"]
[White "Buffy7"]
[Black "jcgs1030"]
[Result "1-0"]
[WhiteElo "2496"]
[BlackElo "2286"]
[TimeControl "180+2"]
[EndTime "15:10:31 PDT"]
[Termination "Buffy7 won by resignation"]

1. d4 Nf6 2. c4 c5 3. d5 e6 4. Nc3 exd5 5. cxd5 d6 6. Nf3 g6 7. Bf4 Bg7 8. Qa4+ Bd7 9. Qb3 Bc8 10.
Qb5+ Kf8 11. Qb3 h6 12. h3 Na6 13. e4 Nc7 14. a4 Kg8 15. Bd3 Kh7 16. O-O Re8 17.
Rfe1 b6 18. Nb5 Nh5 19. Bh2 Nxb5 20. axb5 Qf6 21. e5 dxe5 22. Bxe5 Qd8 23. Rad1 Bb7 24. g4 Bxe5 25. gxh5 Bd6 26. Qc4 Qf6 27. Qg4 Rxe1+ 28.
Rxe1 Bxd5 29. Nh4 Rg8 30. hxg6+ fxg6 31. Kf1 Rg7 32. Nxg6 Rxg6 33. Qd7+ Bf7 34. Re3 Kg7 35. Bxg6 Kxg6 36. Qxa7 Bf4 37. Re4 Bg3 38. Rg4+ Kh5 39.
Rxg3 Bc4+ 40. Kg1 Qxb2 41. Qd7 Qb1+ 42. Kh2 Qe4 43. Qd1+ Be2 44. Qd7 Bc4 45. Qg4+ Qxg4 46. hxg4+ Kg5 47. Rc3 Bxb5 48. Kg3 Bd7 49. f4+ Kf6 50.
Rd3 Ke7 51. f5 c4 52. Rd4 b5 53. Kf4 c3 54. Re4+ Kf6 55. Ke3 h5 56. Rd4 Bc8 57. Rd6+ Ke5 58. Rc6 Bd7 59. Rc7 Kd6 60. Rxc3 hxg4 61.
Rd3+ Ke5 62. Rxd7 Kxf5 63. Rd5+ Kg6 64. Kf4 1-0

[Event "*** Qualifier 2: Titled Tuesday 3|2 Blitz"]
[Site "Chess.com"]
[Date "2017.04.11"]
[Round "9"]
[White "ehrenfeld"]
[Black "Outsmiter"]
[Result "1-0"]
[WhiteElo "2312"]
[BlackElo "2101"]
[TimeControl "180+2"]
[EndTime "15:10:32 PDT"]
[Termination "ehrenfeld won by resignation"]

1. e4 d6 2. d4 Nf6 3. Nc3 g6 4.
Be3 a6 5. Nf3 b5 6. Bd3 Bb7 7.
e5 Nfd7 8. Be4 c6 9. O-O d5 10. Bd3 e6 11. Ne2 c5 12. c3 Nc6 13. Bg5 Qb6 14.
a3 a5 15. Be3 c4 16. Bc2 Rb8 17. Qd2 b4 18. axb4 axb4 19. Bh6 b3 20. Bb1 Be7 21. Ng5 Nd8 22. Qf4 Bxg5 23. Qxg5 Bc6 24. Bg7 Rg8 25.
Qh6 Nf8 26. Bxf8 Rxf8 27. Qxh7 Kd7 28. Bxg6 Kc7 29. Bh5 Qb7 30. Qh6 Re8 31. Qd2 Ra8 32. f4 Ra6 33. Bg4 Qa8 34. Rxa6 Qxa6 35. f5 Qa2 36.
fxe6 fxe6 37. Nf4 Bd7 38. Bh3 Nc6 39. Nh5 Nd8 40. Nf6 Re7 41. Nxd7 Rxd7 42. g4 Rh7 43. Bg2 Qa8 44. Qf4 Nc6 45. Qf6 Qg8 46. h3 Nd8 47. Qf8 Qg5 48. Qd6+ Kb7 49. Qf8 Qe3+ 50. Qf2 Qg5 51.
Qg3 Qd2 52. Qf2 Qg5 53. Qf4 Qg8 54. Rf2 Qg6 55. Qe3 Qb1+ 56. Kh2 Qg6 57. g5 Nf7 58. Rf6 Qg8 59. g6 1-0

[Event "*** Qualifier 2: Titled Tuesday 3|2 Blitz"]
[Site "Chess.com"]
[Date "2017.04.11"]
[Round "9"]
[White "jcibarra"]
[Black "maciek_92"]
[Result "1/2-1/2"]
[WhiteElo "2659"]
[BlackElo "2553"]
[TimeControl "180+2"]
[EndTime "15:10:43 PDT"]
[Termination "Game drawn by repetition"]

1. e4 c5 2. Nf3 Nc6 3. d4 cxd4 4.
Nxd4 e6 5. Nc3 a6 6. g3 Nf6 7. Bg2 Qc7 8. O-O Be7 9. Re1 O-O 10.
Nxc6 dxc6 11. e5 Rd8 12. Qf3 Nd5 13. a3 b5 14. h4 Bb7 15. Nxd5 Rxd5 16. Qe2 Rd7 17.
Bg5 Bxg5 18. hxg5 c5 19. Rad1 Rad8 20. Rxd7 Rxd7 21. Rd1 Bxg2 22. Kxg2 Qc6+ 23. f3 g6 24. Kf2 c4 25. Rxd7 Qxd7 26. c3 Qd5 27. f4 Kf8 28.
Ke3 Qc5+ 29. Kf3 Qd5+ 30. Kf2 Ke7 31. Qe3 Kd8 32. Qb6+ Ke8 33. Qb8+ Kd7 34. Qa7+ Ke8 35. Qe3 Kd7 36. Ke1 Kc6 37. Qa7 Qe4+ 38. Kd2 Qg2+ 39. Kc1 Qf1+ 40. Kc2 Qd3+ 41. Kc1 Kd5 42. Qa8+ Kc5 43.
Qc8+ Kd5 44. Qb7+ Kc5 45. Qa7+ Kd5 46. Qa8+ Kc5 47. Qf8+ Kd5 48. Qa8+ Kc5 49. Qa7+ Kd5 50. Qb7+ Kc5 51. Qc7+ Kd5 52. Qb7+ Kc5 53. Qxa6 Qf1+ 54.
Kc2 Qe2+ 55. Kb1 Qd1+ 56. Ka2 Qb3+ 57. Ka1 Qd1+ 58. Ka2 Qb3+ 59. Ka1 Qd1+ 60. Ka2 Qb3+ 61. Ka1 Qd1+ 62. Ka2 Qb3+ 63. Kb1 Qd1+ 64. Ka2 1/2-1/2

[Event "*** Qualifier 2: Titled Tuesday 3|2 Blitz"]
[Site "Chess.com"]
[Date "2017.04.11"]
[Round "9"]
[White "rpragchess"]
[Black "Ginger_GM"]
[Result "1/2-1/2"]
[WhiteElo "2217"]
[BlackElo "2431"]
[TimeControl "180+2"]
[EndTime "15:10:46 PDT"]
[Termination "Game drawn by repetition"]

1. c4 f5 2. Nc3 Nf6 3. Nf3 d6 4. g3 e5 5. Bg2 Be7 6. O-O O-O 7. d3 Qe8 8. b4 Qh5 9. b5 f4 10. e3 fxg3 11. fxg3 Bg4 12. e4 Nbd7 13. Be3 h6 14. Qd2 Nh7 15. Qe2 Bg5 16. Rf2 Nc5 17.
Raf1 Ne6 18. Bxg5 Nhxg5 19. Qe3 Nh3+ 20. Bxh3 Bxh3 21. Re1 Rf7 22. Nh4 Rxf2 23. Qxf2 Rf8 24. Qe2 Qf7 25. Nd5 Nd4 26. Qd1 Qf2+ 27. Kh1 g5 28.
Ne7+ Kg7 29. Rg1 Ne2 30. Nef5+ Bxf5 31. Nxf5+ Rxf5 32. exf5 Nxg1 33. Qxg1 Qxf5 34. Qxa7 Qf1+ 35. Qg1 Qxd3 36. Qc1 Qf3+ 37. Kg1 e4 38. Qb2+ Kg6 39.
Qh8 Qe3+ 40. Kg2 Qe2+ 41. Kg1 e3 42. Qg8+ Kf5 43. Qf7+ Kg4 44. Qe6+ Kh5 45. Qf7+ Kg4 46. Qd7+ Kh5 47. Qe8+ Kg4 48. Qe4+ Kh5 49. Qe8+ Kg4 50. Qe6+ Kh5 51. Qf7+ Kg4 52. Qe6+ Kh5 53. Qe8+ Kg4 54. Qd7+ Kh5 55. Qf7+ Kg4 56. Qe6+ Kh5 57. Qe8+ Kg4 58. Qe4+ Kh5 59. Qe8+ 1/2-1/2

[Event "*** Qualifier 2: Titled Tuesday 3|2 Blitz"]
[Site "Chess.com"]
[Date "2017.04.11"]
[Round "9"]
[White "EvgenyT"]
[Black "TomsKantans"]
[Result "0-1"]
[WhiteElo "2569"]
[BlackElo "2508"]
[TimeControl "180+2"]
[EndTime "15:10:55 PDT"]
[Termination "TomsKantans won by resignation"]

1. Nf3 Nf6 2. c4 c5 3. Nc3 Nc6 4. g3 g6 5. Bg2 Bg7 6. O-O O-O 7.
d4 d5 8. dxc5 dxc4 9. Qa4 Qa5 10. Qxa5 Nxa5 11. Bf4 Bd7 12. Ne5 Rac8 13. Be3 Be6 14.
Rfd1 Rfd8 15. f4 Nd7 16. Nxd7 Bxd7 17. Rd2 Bc6 18. Rad1 Rxd2 19. Rxd2 Bxg2 20. Kxg2 Kf8 21. g4 Ke8 22. Ne4 Nc6 23. Rc2 Nb4 24. Rxc4 Nd5 25.
Bc1 Bxb2 26. Kf3 b5 27. Rc2 Bxc1 28. Rxc1 Rc6 29. g5 a5 30. a3 Kd7 31. Rd1 Ke6 32. h4 f5 33. gxf6 exf6 34. Rb1 b4 35. axb4 Nxb4 36. Ra1 Ra6 37. Nc3 Nc6 38. Ke4 f5+ 39. Kd3 Ra8 40. Kc4 Rb8 41. Rb1 Rxb1 42. Nxb1 a4 43.
Kb5 Nd4+ 44. Kxa4 Kd5 45. Kb4 Nxe2 46. Kb5 Nxf4 47. Kb6 Kd4 48. c6 Nd5+ 49. Kb7 f4 50. Nd2 Kd3 51. Nf3 Ke3 52. Ng5 f3 53. Nxh7 f2 54.
Nf6 Nxf6 55. c7 Ne8 0-1

[Event "*** Qualifier 2: Titled Tuesday 3|2 Blitz"]
[Site "Chess.com"]
[Date "2017.04.11"]
[Round "9"]
[White "Sebastian"]
[Black "justantan"]
[Result "1-0"]
[WhiteElo "2689"]
[BlackElo "2309"]
[TimeControl "180+2"]
[EndTime "15:11:07 PDT"]
[Termination "Sebastian won on time"]

1. e4 e5 2. Nf3 Nc6 3. Bb5 a6 4.
Ba4 Nf6 5. O-O Be7 6. Re1 b5 7.
Bb3 d6 8. a4 b4 9. d4 Bg4 10.
dxe5 dxe5 11. Qxd8+ Rxd8 12. Nbd2 Bc5 13. h3 Be6 14. Bxe6 fxe6 15. Nc4 Nd4 16. Be3 Nxf3+ 17. gxf3 Bd4 18. Bxd4 exd4 19. Ne5 c5 20. b3 Rc8 21. Kf1 Nh5 22. Nd3 Rf8 23. Ke2 a5 24. Rg1 c4 25. bxc4 Rxc4 26. Ra2 h6 27. Rg4 g5 28. h4 Nf6 29. Rg1 g4 30. Rxg4 Nxg4 31. fxg4 Rc3 32. f4 Ra3 33. Rb2 Rxa4 34. Nc5 Ra3 35. Nxe6 Rf6 36. Nc7+ Kf7 37. Nd5 Rc6 38. g5 Rh3 39. f5 Rxh4 40. g6+ Kg7 41. Kd3 Rh3+ 42. Kxd4 h5 43. Ra2 Ra3 44. Rb2 h4 45. e5 h3 46.
f6+ Kxg6 47. Ne7+ Kf7 48. Nxc6 Ra1 49. c3 bxc3 50. Rc2 Rd1+ 51. Kxc3 Rg1 52. Kd4 Rg2 53. Rc3 h2 54. Rh3 a4 55. Nd8+ Ke8 56. f7+ Ke7 57. e6 a3 58. Nc6+ Kxe6 59. f8=Q a2 60. Qe7+ Kf5 61.
Qe5+ Kg4 62. Qh5+ Kf4 63. Qf3+ 1-0

[Event "*** Qualifier 2: Titled Tuesday 3|2 Blitz"]
[Site "Chess.com"]
[Date "2017.04.11"]
[Round "9"]
[White "feigelag"]
[Black "GeorgMeier"]
[Result "0-1"]
[WhiteElo "2246"]
[BlackElo "2719"]
[TimeControl "180+2"]
[EndTime "15:11:12 PDT"]
[Termination "GeorgMeier won by checkmate"]

1. d4 e6 2. c4 Nf6 3. Nc3 Bb4 4.
e3 O-O 5. Ne2 d5 6. a3 Bd6 7. c5 Be7 8. b4 c6 9. Nf4 b6 10. Be2 a5 11. Bd2 Ba6 12. O-O Bxe2 13. Qxe2 Nbd7 14. Nd3 axb4 15. axb4 Qc7 16. Rab1 Rfc8 17.
f3 bxc5 18. bxc5 e5 19. Be1 exd4 20. exd4 Re8 21. Bg3 Qc8 22. Qd2 Bd8 23. Rfe1 Ba5 24. Qc2 Rxe1+ 25. Rxe1 Nf8 26. Rb1 Ne6 27. Ne2 Nd7 28.
Bd6 Bd8 29. Ne5 Nxe5 30. Bxe5 Bc7 31. Qf5 Rb8 32. Re1 g6 33. Qf6 Bxe5 34. Qxe5 Qc7 35.
Qxc7 Nxc7 36. Nf4 Kf8 37. Nd3 f6 38. Ra1 Nb5 39. Ra4 Ke7 40. Kf2 Kd7 41. g4 h5 42.
gxh5 gxh5 43. h4 Re8 44. Nf4 Rh8 45. Rb4 Nc7 46. Rb7 Kc8 47. Ra7 Kb8 48. Ra1 Nb5 49.
Ke3 Kc7 50. Kd3 Kb7 51. Re1 Rg8 52. Re7+ Ka6 53. Re6 Kb7 54. Nxd5 cxd5 55. Rb6+ Kc7 56. Rxb5 Rg3 57. Ke3 Rh3 58. Rb6 Rxh4 59. Rxf6 Rh1 60.
Rc6+ Kb7 61. Rd6 h4 62. Rxd5 h3 63. Kf2 Kc7 64. Rh5 h2 65. Ke2 Ra1 66. Ke3 h1=Q 67. Rxh1 Rxh1 68. f4 Kc6 69. Ke4 Re1+ 70. Kf5 Kd5 71.
Kf6 Kxd4 72. c6 Rc1 73. f5 Rxc6+ 74. Ke7 Ke5 75. f6 Rxf6 76. Kd7 Rh6 77. Ke7 Rh7+ 78.
Kf8 Kf6 79. Kg8 Rb7 80. Kh8 Kg6 81. Kg8 Rb8# 0-1

[Event "*** Qualifier 2: Titled Tuesday 3|2 Blitz"]
[Site "Chess.com"]
[Date "2017.04.11"]
[Round "9"]
[White "biostatistician"]
[Black "GianmarcoVaR"]
[Result "0-1"]
[WhiteElo "2427"]
[BlackElo "2494"]
[TimeControl "180+2"]
[EndTime "15:11:40 PDT"]
[Termination "GianmarcoVaR won by resignation"]

1. d4 Nf6 2. Nf3 e6 3. c4 b6 4. Nc3 Bb7 5. Bg5 h6 6. Bh4 Be7 7. e3 Ne4 8. Bg3 Nxc3 9. bxc3 d6 10. Bd3 Nd7 11. O-O O-O 12. e4 Re8 13. Re1 Bf8 14. Qe2 e5 15. Bh4 g5 16. Bg3 Bg7 17.
d5 Nf8 18. Nd2 Ng6 19. Nf1 Nf4 20. Qc2 h5 21. Ne3 h4 22. Bxf4 exf4 23. Nf5 Bc8 24. Nd4 Be5 25. Qe2 g4 26. Bc2 Qg5 27. Ba4 Rf8 28. Bc6 Rb8 29. Rac1 a6 30. Ba4 Ra8 31. Bc6 Rb8 32. Ba4 Kg7 33. Bc2 Bd7 34. Bb1 Rh8 35.
Qd3 f3 36. Nf5+ Kf6 37. Qe3 Qxe3 38. Nxe3 fxg2 39. Kxg2 Rbe8 40. Bd3 Bf4 41. Rcd1 Re5 42. Nc2 Kg5 43. Nd4 Rhe8 44. Re2 Kf6 45. Ree1 Rg5 46. Rf1 Be5 47. Kh1 Reg8 48. f4 gxf3 49. Nxf3 R5g7 50. Nxh4+ Ke7 51. Rd2 Bh3 52. Nf5+ Bxf5 53. exf5 Kf6 54. Rc2 Rh8 55. Be4 Rg4 56. Re1 Rhh4 57. Bd3 Rg3 58. Rd1 Rhh3 59. Bf1 Rh4 60. Rd3 Rg5 61.
Rf3 Rhg4 62. Bg2 Rxc4 63. Kg1 b5 64. Kf1 b4 65. Rh3 a5 66. Rh6+ Kg7 67. f6+ Kxh6 0-1

[Event "*** Qualifier 2: Titled Tuesday 3|2 Blitz"]
[Site "Chess.com"]
[Date "2017.04.11"]
[Round "9"]
[White "Abrito99"]
[Black "chessking2151"]
[Result "1/2-1/2"]
[WhiteElo "2318"]
[BlackElo "2326"]
[TimeControl "180+2"]
[EndTime "15:12:54 PDT"]
[Termination "Game drawn by repetition"]

1. e4 c5 2. d4 cxd4 3. c3 Nf6 4.
e5 Nd5 5. Nf3 Nc6 6. Bc4 Nb6 7.
Bb3 d6 8. exd6 Qxd6 9. O-O Bg4 10. Bxf7+ Kd8 11. Bb3 e5 12. h3 Bh5 13. Nbd2 dxc3 14.
bxc3 Kc7 15. Qc2 Rd8 16. Ne4 Qg6 17. Neg5 Qxc2 18. Bxc2 Re8 19. Bb3 Bd6 20. Ne6+ Rxe6 21. Bxe6 Rf8 22. Bg4 Bg6 23. Ng5 Rf6 24. Ne6+ Kb8 25.
Bg5 Rf7 26. Rad1 Nc8 27. c4 h5 28. Be2 Bc2 29. Rd2 Bf5 30. Nd8 Rc7 31. Nxc6+ Rxc6 32. Rfd1 Kc7 33. Rb2 b6 34. Rc1 e4 35. Rb3 Be5 36.
Bxh5 Nd6 37. Be2 a5 38. Be3 g6 39. c5 bxc5 40. Bxc5 Nb7 41. Bb6+ Kd6 42. Rd1+ Ke7 43.
Bd4 Nc5 44. Bxe5 Nxb3 45. axb3 Be6 46. Ra1 Rc5 47. Bd4 Rc2 48. Bb5 Bxb3 49. Rxa5 Rc1+ 50. Kh2 Rd1 51. Be3 Rd5 52. Ra7+ Ke6 53. Be2 Kf6 54. Ra6+ Kg7 55. Rb6 Bc2 56. Rb7+ Kf8 57. h4 Bd3 58. Bg4 Ke8 59. Bg5 Ra5 60. Re7+ Kf8 61. Rc7 Ra1 62. Be6 Ra6 63. Bh6+ Ke8 64. Bg4 Kd8 65. Rg7 Rb6 66.
Kg3 Ke8 67. Be3 Rd6 68. Kf4 Rf6+ 69. Kg5 Ra6 70. Rxg6 Ra5+ 71. Kh6 Kf7 72. Rg7+ Kf8 73. Bg5 Ra6+ 74. Rg6 Rxg6+ 75. Kh5 Rg8 76. Bh6+ Kf7 77.
Bf5 Be2+ 78. g4 Bf3 79. Bg5 Rh8+ 80. Bh6 Rg8 81. Bg5 Kg7 82. Bh6+ Kf7 83. Bg5 1/2-1/2

[Event "*** Qualifier 2: Titled Tuesday 3|2 Blitz"]
[Site "Chess.com"]
[Date "2017.04.11"]
[Round "9"]
[White "Konavets"]
[Black "johnathan113"]
[Result "1/2-1/2"]
[WhiteElo "2590"]
[BlackElo "2452"]
[TimeControl "180+2"]
[EndTime "15:12:58 PDT"]
[Termination "Game drawn - insufficient material"]

1. c4 Nf6 2. g3 g6 3. Bg2 Bg7 4. Nf3 O-O 5. O-O d6 6. Nc3 Nc6 7. d4 a6 8. Bf4 Rb8 9. Rc1 h6 10. b3 g5 11. Be3 Ng4 12. Bd2 Nxd4 13. Nxd4 Bxd4 14. e3 Bg7 15. f4 c6 16. Kh1 Qb6 17.
Qe2 gxf4 18. gxf4 Nf6 19. e4 Bg4 20. Qe1 Kh8 21. Qh4 Qd4 22. e5 Qxd2 23. exf6 Bxf6 24. Qxh6+ Kg8 25. Ne4 Qd4 26. f5 d5 27. Rf4 Be2 28. Ng5 Bxg5 29. Qxg5+ Qg7 30. Qh4 e5 31. Rf2 Qg4 32. Qh6 Qh5 33. Qe3 Bg4 34. Rg1 Kh7 35. cxd5 cxd5 36. Bxd5 Rbd8 37. Be4 f6 38. Rfg2 Rd1 39.
Rxd1 Bxd1 40. Qc5 Rf7 41. Bd5 Bf3 42. Bxf7 Qxf7 43. Qe3 Qd5 44. Qg1 Kh6 45. h4 Bxg2+ 46. Qxg2 Qxg2+ 47. Kxg2 Kh5 48. Kg3 e4 49. b4 b5 50. a3 e3 51. Kf3 Kxh4 52. Kxe3 Kg3 53. Kd4 Kf4 54. Kc5 Kxf5 55. Kb6 Ke6 56. Kxa6 f5 57.
Kxb5 Kd5 58. Ka6 f4 59. b5 f3 60. b6 f2 61. b7 f1=Q+ 62. Ka7 Qf2+ 63. Ka8 Qe3 64.
a4 Qa3 65. b8=Q Qxa4+ 66. Kb7 Qc6+ 67. Ka7 Qc5+ 68. Ka6 Qc6+ 69. Ka5 Qc5+ 70. Ka4 Qc2+ 71. Ka3 Qc3+ 72. Qb3+ Kd4 73. Qxc3+ Kxc3 1/2-1/2

[Event "*** Qualifier 2: Titled Tuesday 3|2 Blitz"]
[Site "Chess.com"]
[Date "2017.04.11"]
[Round "9"]
[White "Kozok"]
[Black "likantrophuss"]
[Result "0-1"]
[WhiteElo "2284"]
[BlackElo "2401"]
[TimeControl "180+2"]
[EndTime "15:13:18 PDT"]
[Termination "likantrophuss won by resignation"]

1. e4 g6 2. d4 Bg7 3. Nc3 a6 4. f4 b5 5. Nf3 Bb7 6. Bd3 b4 7. Ne2 Nf6 8. Ng3 d5 9. e5 Ne4 10. Qe2 Nxg3 11. hxg3 e6 12. Bd2 Qe7 13. g4 Nd7 14. g5 c5 15. dxc5 Nxc5 16. O-O-O Nxd3+ 17. Qxd3 a5 18. Nd4 Ba6 19. Qf3 Bf8 20. g4 Qa7 21. Be3 Bc5 22. f5 O-O-O 23. Rhe1 Bxd4 24. Bxd4 Qc7 25. Kb1 Kb7 26. Rc1 Qc4 27. Qf2 a4 28. b3 Qc6 29. c3 gxf5 30. cxb4 Bd3+ 31. Ka1 Qb5 32. bxa4 Qxa4 33. Bb6 Rc8 34. Bc5 Ra8 35. gxf5 Bxf5 36. Re3 Rhc8 37. Rec3 Rc6 38. b5 Qxb5 39. Qb2 Qxb2+ 40.
Kxb2 Ra5 41. Rb3+ Kc8 42. Be3 Rxc1 43. Bxc1 Ra4 44. Rc3+ Kd7 45. Kb3 Re4 46. Re3 Rg4 47. Re1 Bd3 48. a4 Kc6 49. Rh1 Bc4+ 50. Kb2 Kb6 51.
Be3+ d4 52. Bd2 Rg2 53. Kc1 Bd3 54. Rh4 Kc5 55. a5 Kc4 56. Rf4 Kb3 57. Rxd4 Rg1+ 58. Be1 Rxe1+ 59. Kd2 Rxe5 60. Rxd3+ Kb4 61. Rf3 Rxa5 62.
Rxf7 Rxg5 63. Rxh7 Kc4 64. Ke3 Kd5 65. Ra7 Rg3+ 66.
Ke2 Ke5 67. Ra5+ Kf4 68. Ra4+ Kf5 69. Ra5+ e5 70. Kf2 Rb3 71. Ke2 Kf4 72. Ra4+ e4 73. Kf2 Rb2+ 74. Ke1 Kf3 75. Ra8 Rb1+ 76. Kd2 e3+ 77. Kc2 Rb7 78. Rd8 Ke2 79. Kc1 Rc7+ 80. Kb2 Ke1 81. Re8 e2 82. Kb1 Rc4 83. Kb2 Kd2 84.
Kb3 Rc3+ 85. Kb2 Re3 86. Rd8+ Rd3 0-1

[Event "*** Qualifier 2: Titled Tuesday 3|2 Blitz"]
[Site "Chess.com"]
[Date "2017.04.11"]
[Round "10"]
[White "Konavets"]
[Black "Lector118"]
[Result "1-0"]
[WhiteElo "2599"]
[BlackElo "2429"]
[TimeControl "180+2"]
[EndTime "15:17:52 PDT"]
[Termination "Konavets won by resignation"]

1. d4 d5 2. c4 c6 3. Nf3 Nf6 4. Nc3 dxc4 5. e4 b5 6. e5 Nd5 7. Ng5 e6 8. Qh5 g6 9. Qf3 Qc7 10.
Nge4 Be7 11. Bh6 Nd7 12. a4 b4 13.
Nd1 Ba6 14. b3 Nxe5 15. dxe5 Qxe5 16. Rc1 f5 17. Bxc4 Bxc4 18. Rxc4 Nf6 19. Bg7 Rg8 20.
Bxf6 Bxf6 21. O-O fxe4 22. Rxe4 Qf5 23. Rf4 Kf7 24. Ne3 1-0

[Event "*** Qualifier 2: Titled Tuesday 3|2 Blitz"]
[Site "Chess.com"]
[Date "2017.04.11"]
[Round "10"]
[White "MartinMatthiesen"]
[Black "Kozok"]
[Result "0-1"]
[WhiteElo "2246"]
[BlackElo "2292"]
[TimeControl "180+2"]
[EndTime "15:17:55 PDT"]
[Termination "Kozok won by resignation"]

1. d4 Nf6 2. c4 g6 3. Nc3 d5 4. Nf3 Bg7 5. cxd5 Nxd5 6. e4 Nxc3 7.
bxc3 c5 8. Rb1 Nc6 9. d5 Ne5 10.
Nxe5 Bxe5 11. Qd2 O-O 12. f4 Bg7 13. c4 e5 14. Bb2 exf4 15. Bxg7 Kxg7 16. Qxf4 Re8 17.
Bd3 Qa5+ 18. Qd2 Qxd2+ 19. Kxd2 b6 20. Rhf1 Bd7 21. Rf4 Rab8 22. Rbf1 Rf8 23. e5 a6 24.
Rf6 b5 25. Rxa6 bxc4 26. Bxc4 Rb2+ 27. Kc3 Rxg2 28. Ra7 Bf5 29. e6 Rc2+ 30. Kb3 Rb8+ 31. Ka3 Rxc4 32. Rxf7+ Kg8 33. R1xf5 Rc3+ 0-1

[Event "*** Qualifier 2: Titled Tuesday 3|2 Blitz"]
[Site "Chess.com"]
[Date "2017.04.11"]
[Round "10"]
[White "Rodalquilar"]
[Black "likantrophuss"]
[Result "1-0"]
[WhiteElo "2515"]
[BlackElo "2395"]
[TimeControl "180+2"]
[EndTime "15:19:02 PDT"]
[Termination "Rodalquilar won by resignation"]

1. d4 f5 2. c4 Nf6 3. Nc3 g6 4.
h4 c5 5. d5 b5 6. cxb5 a6 7.
h5 gxh5 8. e4 fxe4 9. Nxe4 Qb6 10. Nxf6+ Qxf6 11. Qxh5+ Qf7 12. Qxf7+ Kxf7 13. Nf3 axb5 14.
Bxb5 Ba6 15. Ba4 Ke8 16. Bc2 Bc4 17. Rh5 Bg7 18. a4 Na6 19. Bxh7 Nb4 20. Bg6+ Kd8 21. Rxh8+ Bxh8 22. Be4 Nxd5 23. Nd2 1-0

[Event "*** Qualifier 2: Titled Tuesday 3|2 Blitz"]
[Site "Chess.com"]
[Date "2017.04.11"]
[Round "10"]
[White "proxy6"]
[Black "XiaoKangZhong"]
[Result "1/2-1/2"]
[WhiteElo "2190"]
[BlackElo "1940"]
[TimeControl "180+2"]
[EndTime "15:19:19 PDT"]
[Termination "Game drawn by repetition"]

1. e4 c5 2. Nf3 d6 3. d4 cxd4 4.
Nxd4 Nf6 5. Nc3 a6 6. Be3 e6 7. g4 b5 8. g5 Nfd7 9. Rg1 Nb6 10. f4 Bb7 11. Bd3 N8d7 12. Nb3 Rc8 13. Qd2 Nc4 14. Bxc4 Rxc4 15. Qd3 Qc7 16. a3 Be7 17.
O-O-O Kd8 18. Bd4 Rg8 19. e5 g6 20. exd6 Bxd6 21. Bf6+ Nxf6 22. Qxd6+ Qxd6 23. Rxd6+ Kc7 24. Rgd1 Nd5 25. Nxd5+ Bxd5 26. Rxa6 Kb7 27. Rd6 Kc7 28. Ra6 Kb7 29. Rd6 Kc7 30. Ra6 1/2-1/2